 Dungeon Crawl Stone Soup version 0.29-a0-393-g47a863cc1b (webtiles) character file.

Game seed: 13656455783020281765

51 Hubjo the Firebug (level 3, 0/20 HPs)
             Began as a Deep Elf Fire Elementalist on May 10, 2022.
             Was an Initiate of the Shining One.
             Slain by a gnoll
             ... wielding a +0 spear
              (4 damage)
             ... on level 2 of the Dungeon.
             The game lasted 00:02:03 (1823 turns).

Hubjo the Firebug (Deep Elf Fire Elementalist)      Turns: 1823, Time: 00:02:03

Health: 0/20       AC:  2    Str:  5    XL:     3   Next: 57%
Magic:  3/10       EV: 12    Int: 21    God:    the Shining One [......]
Gold:   89         SH:  0    Dex: 15    Spells: 8/9 levels left

rFire   . . .      SeeInvis .   (no weapon)
rCold   . . .      Faith    .   (no shield)
rNeg    . . .      Spirit   .   a - +0 robe
rPois   .          Reflect  .   (no helmet)
rElec   .          Harm     .   (no cloak)
rCorr   .          Rampage  .   (no gloves)
Will    .....                   (no boots)
Stlth   +.........              j - amulet of magic regeneration
HPRegen 0.06/turn               (no ring)
MPRegen 0.12/turn               (no ring)

@: glowing
A: no striking features
a: Renounce Religion


You were on level 2 of the Dungeon.
You worshipped the Shining One.
The Shining One was noncommittal.
You visited 1 branch of the dungeon, and saw 2 of its levels.

You collected 89 gold pieces.

Inventory:

Armour
 a - a +0 robe (worn)
Jewellery
 e - a ring of willpower
 j - an amulet of magic regeneration (around neck)
Scrolls
 c - 3 scrolls of noise {unknown}
 f - a scroll of silence {unknown}
 g - a scroll of teleportation {unknown}
 i - a scroll of magic mapping {unknown}
Potions
 b - a potion of magic
 d - 2 potions of curing
 h - a potion of flight {unknown}
 k - a potion of heal wounds {unknown}


   Skills:
 * Level 1.5 Fighting
 - Level 2.4 Dodging
 + Level 3.1 Stealth
 + Level 3.6 Spellcasting
 - Level 1.1 Conjurations
 + Level 3.7 Fire Magic


You had 8 spell levels left.
You knew the following spells:

 Your Spells              Type           Power      Damage    Failure   Level
a - Foxfire               Conj/Fire      52%        2x1d6     4%          1

Your spell library contained the following spells:

 Spells                   Type           Power      Damage    Failure   Level
 Scorch                   Fire           38%        2d6       4%          2
 Conjure Flame            Conj/Fire      13%        6-21      14%         3
 Inner Flame              Hex/Fire       11%        N/A       17%         3
 Flame Wave               Conj/Fire      13%        2d6       43%         4


Dungeon Overview and Level Annotations

Branches:
Dungeon (2/15)

Altars:
The Shining One


Message History

The gnoll barely misses you. The endoplasm freezes you.
You are frozen.
You continue putting on your amulet of magic regeneration.
The endoplasm barely misses you. The gnoll closely misses you.
You continue putting on your amulet of magic regeneration.
The gnoll closely misses you.
The endoplasm hits you but does no damage.
You finish putting on your amulet of magic regeneration.
The amulet cannot attune itself to your exhausted body.
j - an amulet of magic regeneration (around neck)
The endoplasm jiggles.
There is a stone staircase leading down here.
The giant cockroach waves its antennae.
The endoplasm attacks as you move away! The endoplasm barely misses you.
The endoplasm attacks as you move away! The endoplasm barely misses you.
You conjure some foxfire!
The endoplasm jiggles.
The endoplasm freezes you.
You are frozen.
You conjure some foxfire!
The foxfire hits the giant cockroach.
You kill the giant cockroach!
The endoplasm closely misses you.
Your foxfire dissipates!
The foxfire hits the endoplasm.
You kill the endoplasm!
The foxfire hits the gnoll.
The gnoll is lightly wounded.
The gnoll hits you from afar with a +0 spear!
* * * LOW HITPOINT WARNING * * *
The gnoll hits you from afar with a +0 spear.
* * * LOW HITPOINT WARNING * * *
Okay, then.
Found a stone staircase leading up.
It was a potion of curing.
You feel better.
The gnoll hits you from afar with a +0 spear.
* * * LOW HITPOINT WARNING * * *
There is a stone staircase leading up here.
The gnoll hits you from afar with a +0 spear.
You die...

########
#......#
#.####.# #.#
#.# #.####.#
######.#@.g.#
#......######
###.######
#######...###
.>..........#
.######.#####
.##.....#
........#
###.###..#♣


You could see a gnoll.

Vanquished Creatures
  2 gnolls (D:2)
  A worm (D:2)
  A dart slug (D:2)
  3 endoplasms
  2 giant cockroaches
  3 hobgoblins
  6 ball pythons
  A ball python skeleton (D:2)
  A bat (D:1)
  A goblin (D:1)
  A jackal zombie (D:2)
  4 kobolds
26 creatures vanquished.

Vanquished Creatures (others)
  150 foxfires
  A withered plant (D:2)
151 creatures vanquished.

Grand Total: 177 creatures vanquished

Notes
Turn   | Place    | Note
-------+----------+-------------------------------------------
     0 | D:1      | Hubjo the Deep Elf Fire Elementalist began the quest for
                  | the Orb.
     0 | D:1      | Reached XP level 1. HP: 10/10 MP: 6/6
   602 | D:1      | Reached XP level 2. HP: 16/16 MP: 4/8
   928 | D:2      | Found a glowing golden altar of the Shining One.
   976 | D:2      | Became a worshipper of the Shining One
   996 | D:2      | Found a faded altar of an unknown god.
  1271 | D:2      | Reached skill level 1 in Fighting
  1779 | D:2      | Reached XP level 3. HP: 20/20 MP: 2/10
  1823 | D:2      | Slain by a gnoll

Illustrated notes

Levels and vault maps discovered:
D:1:      saegor_arrival_simple_d, layout_rooms, nicolae_figureground_pulse
D:2:      layout_basic, ebering_ecumenical_altar_webs, serial_undead,
          serial_undead_f, serial_undead_c, serial_undead_b, serial_undead_f,
          basic_altar, grunt_ministairs_10, minmay_misc_feat_doors,
          kennysheep_generic_room_3

Skill      XL: |  1  2 |
---------------+-------+-----
Fighting       | 1 |  1.5
Stealth        | 3 |  3.1
Dodging        | |  2.4
Spellcasting   | |  3.6
Conjurations   | |  1.1
Fire Magic     | |  3.7

Action                   || total
-------------------------++-------
Melee: Unarmed           ||     1
 Cast: Foxfire           ||    86
  Use: Potion            ||     1
Armor: Robe              ||     2
Dodge: Dodged            ||    16

Table legend: (Time is in decaauts)
 A = Elapsed time spent in this place.
 B = Non-inter-level travel time spent in this place.
 C = Inter-level travel time spent in this place.
 D = Time resting spent in this place.
 E = Time spent auto-exploring this place.
 F = Levels seen in this place.
 G = Mean time per level.
                   A        B        C        D        E       F      G
               +--------+--------+--------+--------+--------+-----+--------+
         Total |   1823 |   1803 |     20 |      0 |   1574 |   2 |  911.5 |
       Dungeon |   1823 |   1803 |     20 |      0 |   1574 |   2 |  911.5 |
               +--------+--------+--------+--------+--------+-----+--------+

Top non-repeatable levels by time:
     D:1: 928 daAuts
     D:2: 895 daAuts
